 Dungeon Crawl Stone Soup version 0.31.0-9-g3a7656b989 (webtiles) character file.

Game seed: 1362357015933728564

1733 qw the Skirmisher (level 8, -8/40 HPs)
             Began as a Spriggan Hunter on Feb 2, 2024.
             Killed by divine providence
             ... invoked by an orc priest
              (10 damage)
             ... on level 6 of the Dungeon.
             The game lasted 00:00:29 (4815 turns).

qw the Skirmisher (Spriggan Hunter)                 Turns: 4815, Time: 00:00:29

Health: -8/40      AC:  7    Str:  7    XL:     8   Next: 76%
Magic:  9/9        EV: 24    Int: 11    God:
Gold:   112        SH:  5    Dex: 20    Spells: 7/7 levels left

rFire   + . .        a - +0 shortbow (freeze)
rCold   + . .        (shield currently unavailable)
rNeg    . . .        d - +0 robe {rC+ rF+}
rPois   .            (helmet restricted)
rElec   .            i - +0 cloak
rCorr   .            (gloves unavailable)
SInv    +            (boots unavailable)
Will    +....        j - amulet of reflection
Stlth   ++           e - +4 ring of protection
HPRegen 0.26/turn    (no ring)
MPRegen 0.11/turn

%: reflection
@: about to teleport, marked, very quick
A: very small, no large weapons, unfitting armour, see invisible, speed 3
a: no special abilities


You were on level 6 of the Dungeon.
You visited 1 branch of the dungeon, and saw 6 of its levels.

You collected 357 gold pieces.
You spent 245 gold pieces at shops.


Innate Abilities, Weirdness & Mutations

You are very small and have problems with some larger weapons.
You are too small for most types of armour.
You have supernaturally acute eyesight. (SInv)
You cover ground extremely quickly. (Speed+++)


   Skills:
 - Level 3.0 Fighting
 + Level 9.5 Ranged Weapons
 - Level 9.0 Dodging
 - Level 1.5 Stealth


You had 7 spell levels left.
You didn't know any spells.
Your spell library was empty.

Inventory:

Hand Weapons
 a - a +0 shortbow of freezing (weapon)
Armour
 c - a +2 robe of positive energy
 d - a +0 robe of resistance (worn)
 i - a +0 cloak (worn)
Jewellery
 e - a +4 ring of protection (left hand)
 j - an amulet of reflection (around neck)
Wands
 m - a wand of iceblast (8)
 n - a wand of acid (7)
 o - a wand of flame (38)
Scrolls
 q - a scroll of teleportation
Potions
 b - 2 potions of enlightenment {unknown}
 f - a potion of magic {unknown}
 g - a potion of resistance {unknown}
 h - 3 potions of curing
 k - 3 potions of might
 l - a potion of cancellation {unknown}
 p - a potion of invisibility {unknown}
 r - a potion of haste {unknown}
 s - a potion of attraction {unknown}

Dungeon Overview and Level Annotations

Branches:
Dungeon (6/15)
 Temple: D:4-7

Altars:
Ashenzari
Fedhas
Hepliaklqana
Makhleb
Nemelex Xobeh
Qazlal
Sif Muna
Uskayaw
Vehumet

Shops:
D:5 *   D:6 [

Annotations:
D:6 2 transporters, qw's ghost, novice GrHu


Message History

You shoot an arrow.
The arrow closely misses the orc wizard.
You shoot an arrow. The arrow hits the orc wizard!
The arrow freezes the orc wizard.
You kill the orc wizard!
The orc warrior hits you from afar with a +0 trident of protection!
You shoot an arrow.
The arrow barely misses the orc warrior.
The orc warrior closely misses you.
You shoot an arrow.
The arrow hits the orc warrior but does no damage.
You block the orc warrior's attack.
You shoot an arrow.
The arrow barely misses the orc warrior.
The orc warrior hits you from afar with a +0 trident of protection!
You shoot an arrow.
The arrow hits the orc warrior but does no damage.
The orc warrior barely misses you.
You shoot an arrow.
The arrow barely misses the orc warrior.
The orc warrior closely misses you.
You shoot an arrow.
The arrow hits the orc warrior but does no damage.
The orc warrior completely misses you.
You shoot an arrow.
The arrow hits the orc warrior but does no damage.
The orc warrior completely misses you.
You shoot an arrow.
The arrow closely misses the orc warrior.
The orc priest miscasts a cantrip.
The orc warrior barely misses you.
You shoot an arrow.
The arrow hits the orc warrior but does no damage.
The orc warrior hits you from afar with a +0 trident of protection!
4815 ||| READING 2 scrolls of teleportation.
As you read the scroll of teleportation, it crumbles to dust.
You feel strangely unstable.
The orc priest invokes the aid of Beogh against you.
Beogh smites you!
You die...

.### ...... ..# .##### ..#
... .) .### .. .. o# #.# .##
.. o# #.# .# ....#######)#
#.# .# ...........@.# #.# .#
.......##.##### #.# ##
.....###...## #.# #
.....##.....##### #(#
####.....#.......##.####.###
)....# #....._.............#
.....# ###.......##.####.#.#
)....# ###.....###.#....#.#
.....#
#.##.).##...#.#..#.#####


You could see an orc warrior and an orc priest.

Vanquished Creatures
  Sigmund (D:5)
  Duvessa (D:5)
  An orc warrior (D:6)
  A sky beast (D:6)
  An ogre (D:4)
  A phantom (D:4)
  4 scorpions
  Dowan (D:5)
  A bombardier beetle (D:5)
  A jelly (D:5)
  3 hounds (D:5)
  An orc priest (D:3)
  A gnoll bouda (D:5)
  3 iguanas
  A sleepcap (D:3)
  Ijyb (D:5)
  6 orc wizards
  11 adders
  9 gnolls
  A shadow imp (D:6)
  2 white imps
  2 ufetubi (D:6)
  5 dart slugs
  2 ribbon worms
  29 orcs
  4 ball pythons
  7 endoplasms
  3 giant cockroaches
  6 goblins
  11 hobgoblins
  3 jackals (D:2)
  7 kobolds
  4 quokkas
  2 bats (D:3)
  A frilled lizard (D:1)
  8 rats
146 creatures vanquished.

Notes
Turn   | Place    | Note
-------+----------+-------------------------------------------
     0 | D:1      | qw the Spriggan Hunter began the quest for the Orb.
     0 | D:1      | Reached XP level 1. HP: 10/10 MP: 2/2
     0 | D:1      | 0 ||| qw: Version: 0.3-a-155-g5e7d8dd
     0 | D:1      | 0 ||| qw: Game counter: 692
     0 | D:1      | 0 ||| qw: Melee chars always use a shield: true
     0 | D:1      | 0 ||| qw: God list: Okawaru
     0 | D:1      | 0 ||| qw: Allow faded altars: false
     0 | D:1      | 0 ||| qw: Do Orc after clearing Dungeon:15 true
     0 | D:1      | 0 ||| qw: Do second Lair branch before Depths: true
     0 | D:1      | 0 ||| qw: Lair rune preference: random
     0 | D:1      | 0 ||| qw: Goals: Normal
     0 | D:1      | 0 ||| PLANNING D:1-11
    79 | D:1      | Reached skill level 3 in Dodging
   115 | D:1      | Reached XP level 2. HP: 8/14 MP: 3/3
   270 | D:1      | HP: 1/14 [gnoll/+1 flail of holy wrath (13)]
   273 | D:1      | Reached XP level 3. HP: 2/18 MP: 4/4
   580 | D:1      | 580 ||| UPGRADING to +4 ring of protection.
   581 | D:1      | 581 ||| READING scroll labelled REN KUDUTO FOETSUI.
   581 | D:1      | 581 ||| BRANDING +0 shortbow.
   582 | D:1      | 582 ||| DROPPING scroll of butterflies.
   605 | D:2      | 605 ||| STAIRDANCE
  1185 | D:2      | Reached XP level 4. HP: 21/22 MP: 5/5
  1446 | D:2      | 1446 ||| UPGRADING to amulet of reflection.
  1451 | D:2      | 1451 ||| READING 2 scrolls labelled YQULEV QOQU.
  1451 | D:2      | 1451 ||| IDENTIFYING black potion
  1452 | D:2      | 1452 ||| READING scroll of identify.
  1452 | D:2      | 1452 ||| IDENTIFYING ruby potion
  1453 | D:2      | 1453 ||| DRINKING 2 viscous cyan potions.
  1454 | D:2      | 1454 ||| DROPPING potion of ambrosia.
  1534 | D:3      | Found a faded altar of an unknown god.
  1623 | D:3      | Reached XP level 5. HP: 17/26 MP: 6/6
  1623 | D:3      | 1623 ||| FLEEEEING.
  1624 | D:3      | 1624 ||| FLEEEEING.
  1625 | D:3      | 1625 ||| FLEEEEING.
  1626 | D:3      | 1626 ||| FLEEEEING.
  1627 | D:3      | 1627 ||| FLEEEEING.
  1628 | D:3      | 1628 ||| FLEEEEING.
  1629 | D:3      | 1629 ||| FLEEEEING.
  1630 | D:3      | 1630 ||| FLEEEEING.
  1632 | D:3      | 1632 ||| FLEEEEING.
  1633 | D:3      | 1633 ||| FLEEEEING.
  1634 | D:3      | 1634 ||| FLEEEEING.
  1635 | D:3      | 1635 ||| FLEEEEING.
  1640 | D:3      | 1640 ||| FLEEEEING.
  1641 | D:3      | 1641 ||| FLEEEEING.
  1642 | D:3      | 1642 ||| FLEEEEING.
  1643 | D:3      | 1643 ||| FLEEEEING.
  1645 | D:3      | 1645 ||| FLEEEEING.
  1646 | D:3      | 1646 ||| FLEEEEING.
  1648 | D:3      | 1648 ||| FLEEEEING.
  1649 | D:3      | 1649 ||| FLEEEEING.
  1650 | D:3      | 1650 ||| FLEEEEING.
  1651 | D:3      | 1651 ||| FLEEEEING.
  1652 | D:3      | 1652 ||| FLEEEEING.
  1653 | D:3      | 1653 ||| FLEEEEING.
  1654 | D:3      | 1654 ||| FLEEEEING.
  1655 | D:3      | 1655 ||| FLEEEEING.
  1656 | D:3      | 1656 ||| FLEEEEING.
  1657 | D:3      | 1657 ||| FLEEEEING.
  1658 | D:3      | 1658 ||| FLEEEEING.
  1666 | D:3      | 1666 ||| STAIRDANCE
  1705 | D:2      | 1705 ||| READING scroll labelled GUIRE FIGOV.
  1708 | D:2      | 1708 ||| READING scroll labelled GET OBUETU.
  1797 | D:3      | Found a sparkling altar of Nemelex Xobeh.
  2179 | D:4      | Noticed an ogre
  2183 | D:4      | Killed an ogre
  2184 | D:4      | Reached skill level 6 in Ranged Weapons
  2184 | D:4      | Reached XP level 6. HP: 30/30 MP: 7/7
  2507 | D:4      | Reached skill level 6 in Dodging
  2658 | D:4      | Reached XP level 7. HP: 23/35 MP: 8/8
  3071 | D:4      | 3071 ||| READING scroll labelled XOEDETAGIFF.
  3072 | D:4      | 3072 ||| DRINKING 2 blue potions.
  3099 | D:4      | 3099 ||| DRINKING 2 red potions.
  3100 | D:4      | 3100 ||| DROPPING potion of lignification.
  3149 | D:5      | Entered Level 5 of the Dungeon
  3175 | D:5      | Found Tydoebeych's Neck Hole.
  3182 | D:5      | 3182 ||| BUYING +0 cloak (54 gold).
  3182 | D:5      | Bought a +0 cloak for 54 gold pieces
  3257 | D:5      | 3257 ||| FLEEEEING.
  3259 | D:5      | 3259 ||| FLEEEEING.
  3260 | D:5      | 3260 ||| FLEEEEING.
  3261 | D:5      | 3261 ||| FLEEEEING.
  3262 | D:5      | 3262 ||| FLEEEEING.
  3263 | D:5      | 3263 ||| FLEEEEING.
  3264 | D:5      | 3264 ||| FLEEEEING.
  3274 | D:5      | 3274 ||| RETREEEEATING.
  3275 | D:5      | 3275 ||| RETREEEEATING.
  3276 | D:5      | 3276 ||| RETREEEEATING.
  3277 | D:5      | 3277 ||| RETREEEEATING.
  3292 | D:5      | Noticed Sigmund
  3295 | D:5      | 3295 ||| ZAPPING wand of acid (9) at -1,-5 (Sigmund;
                  | floor).
  3296 | D:5      | 3296 ||| ZAPPING wand of acid (8) at -1,-4 (Sigmund;
                  | floor).
  3296 | D:5      | Killed Sigmund
  3296 | D:5      | Noticed Duvessa
  3306 | D:5      | Noticed Dowan
  3308 | D:5      | Reached XP level 8. HP: 35/39 MP: 9/9
  3317 | D:5      | Reached skill level 3 in Fighting
  3324 | D:5      | HP: 8/40 [Duvessa/+2 rapier of protection (7)]
  3325 | D:5      | 3325 ||| DRINKING 2 potions of heal wounds.
  3329 | D:5      | 3329 ||| RETREEEEATING.
  3330 | D:5      | 3330 ||| RETREEEEATING.
  3338 | D:5      | Killed Duvessa
  3340 | D:5      | HP: 9/40 [gnoll/+0 club[a gnoll bouda] (4)]
  3341 | D:5      | 3341 ||| DRINKING potion of heal wounds.
  3349 | D:5      | Killed Dowan
  3441 | D:5      | Noticed Ijyb
  3449 | D:5      | Killed Ijyb
  3544 | D:5      | Found a radiant altar of Vehumet.
  3777 | D:5      | Found a broken altar of Ashenzari.
  3777 | D:5      | Found a burning altar of Makhleb.
  3826 | D:5      | Found a hazy altar of Hepliaklqana.
  3923 | D:5      | Found a stormy altar of Qazlal.
  4083 | D:5      | 4083 ||| UPGRADING to +0 robe of resistance.
  4093 | D:5      | 4093 ||| DROPPING +0 robe.
  4094 | D:5      | 4094 ||| UPGRADING to +0 cloak.
  4099 | D:5      | 4099 ||| READING scroll of identify.
  4099 | D:5      | 4099 ||| IDENTIFYING emerald potion
  4100 | D:5      | 4100 ||| DROPPING potion of berserk rage.
  4143 | D:6      | 4143 ||| STAIRDANCE
  4162 | D:6      | 4162 ||| STAIRDANCE
  4181 | D:6      | Reached skill level 9 in Ranged Weapons
  4309 | D:6      | Found a blossoming altar of Fedhas.
  4316 | D:6      | Reached skill level 9 in Dodging
  4493 | D:6      | Found a transporter.
  4495 | D:6      | Identified the +0 kite shield "Eruirere" {rF++ rC+ Will-
                  | rCorr}
  4508 | D:6      | Noticed qw's ghost (novice GrHu)
  4525 | D:6      | Found a transporter.
  4604 | D:6      | Found a hide-covered altar of Uskayaw.
  4673 | D:6      | Found Lufeumm's Armour Shop.
  4678 | D:6      | 4678 ||| BUYING +2 robe of positive energy (191 gold).
  4678 | D:6      | Bought a +2 robe of positive energy for 191 gold pieces
  4738 | D:6      | Found a shimmering blue altar of Sif Muna.
  4814 | D:6      | HP: 1/40 [orc warrior/+0 trident of protection (12)]
  4815 | D:6      | 4815 ||| READING 2 scrolls of teleportation.
  4815 | D:6      | Killed from afar by an orc priest

Levels and vault maps discovered:
D:1:      amcnicky_arrival_double_pillar, layout_rooms, reono_crystal_passage
D:2:      layout_loops_ring, nicolae_hexahallways
D:3:      layout_rooms, amcnicky_altar_gilded, shapermc_ecumenical_altar_pompeii
D:4:      minmay_recursive_quarters, layout_loops_ring
D:5:      layout_basic, gammafunk_temple_overflow_wave,
          nicolae_hepliaklqana_hippocampus, nicolae_qazlal_general_emergency,
          fiery_altar_vehumet, nicolae_shop_sticking_my_neck_out, uniq_sigmund,
          uniq_ijyb, uniq_duvessa
D:6:      layout_basic, mainiacjoe_overflow_concentric_impassable,
          lemuel_round_altar, nicolae_uskayaw_dance_hall,
          gammafunk_ghost_gnarly_gnolls, serial_shops, shop

Skill      XL: |  1  2  3  4  5  6  7  8 |
---------------+-------------------------+-----
Dodging        | 3 4 5 6 7 9 |  9.0
Ranged Weapons | 5 6 7 8 9 |  9.5
Fighting       | 2 3 |  3.0
Stealth        | |  1.5

Action                     |  1- 3 |  4- 6 |  7- 9 || total
---------------------------+-------+-------+-------++-------
   Fire: Shortbow          |    85 |   185 |   260 ||   530
  Evoke: Wand              |       |       |     2 ||     2
    Use: Scroll            |     1 |     4 |     3 ||     8
         Potion            |       |     1 |     4 ||     5
 Armour: Robe              |     9 |    25 |    46 ||    80
  Dodge: Dodged            |    18 |    92 |   145 ||   255
  Block: Other             |       |    25 |    36 ||    61

Table legend:
 A = Non-vault XP
 B = Vault XP
 C = Vault XP percentage of total XP
 D = Non-vault monster count
 E = Vault monster count
 F = Vault count percentage of total count
                 A         B        C        D         E       F
            +---------+---------+-------+---------+---------+-------
      Total |    1865 |     611 |  24.7 |     133 |      13 |   8.9
            +---------+---------+-------+---------+---------+-------
        D:1 |      54 |       0 |   0.0 |      20 |       0 |   0.0
        D:2 |      76 |       0 |   0.0 |      21 |       0 |   0.0
        D:3 |     173 |       0 |   0.0 |      22 |       0 |   0.0
        D:4 |     399 |     133 |  25.0 |      24 |       9 |  27.3
        D:5 |     671 |     478 |  41.6 |      20 |       4 |  16.7
        D:6 |     492 |       0 |   0.0 |      26 |       0 |   0.0
            +---------+---------+-------+---------+---------+-------
